 Dungeon Crawl Stone Soup version 0.29.1-2-gbd0b4ee654 (webtiles) character file.

Game seed: 5143275672670746287

13680 MacCMillion the Slicer (level 12, 0/64 HPs)
             Began as a Vine Stalker Fighter on Nov 25, 2022.
             Was a High Priest of Uskayaw.
             Slain by a death yak (15 damage)
             ... on level 11 of the Dungeon.
             The game lasted 00:47:21 (11394 turns).

MacCMillion the Slicer (Vine Stalker Fighter)      Turns: 11394, Time: 00:47:22

Health: 0/64       AC: 17    Str: 19    XL:     12   Next: 8%
Magic:  0/18       EV: 12    Int:  8    God:    Uskayaw [*****.]
Gold:   574        SH:  6    Dex: 19    Spells: 11/11 levels left

rFire   . . .      SeeInvis +   b - +4 dagger
rCold   . . .      Faith    .   c - +0 buckler
rNeg    . . .      Spirit   +   p - +0 swamp dragon scales
rPois   +          Reflect  .   h - +0 helmet
rElec   .          Harm     .   (no cloak)
rCorr   .          Rampage  .   F - +0 pair of gloves
Will    +....                   r - +0 pair of boots
Stlth   +++.......              B - amulet of the acrobat
HPRegen 1.00/turn               f - +4 ring of protection
MPRegen 0.16/turn               D - ring of see invisible

@: no status effects
A: fangs 3, regeneration 1, magic shield, antimagic bite, no potion heal 2
a: Renounce Religion, Stomp, Line Pass, Grand Finale


You were on level 11 of the Dungeon.
You worshipped Uskayaw.
Uskayaw was noncommittal.
You visited 2 branches of the dungeon, and saw 12 of its levels.
You also visited: Sewer.

You collected 574 gold pieces.

Inventory:

Hand Weapons
 a - a +0 rapier
 b - a +4 dagger (weapon)
 i - a +2 dagger of protection
Missiles
 n - 20 poisoned darts
 o - 3 boomerangs
 C - 3 curare-tipped darts
 Q - an atropa-tipped dart (quivered)
Armour
 c - a +0 buckler (worn)
 h - a +0 helmet (worn)
 p - +0 swamp dragon scales (worn)
 r - a +0 pair of boots (worn)
 F - a +0 pair of gloves (worn)
Jewellery
 f - a +4 ring of protection (left hand)
 g - an amulet of reflection
 s - a +6 ring of strength
 B - an amulet of the acrobat (around neck)
 D - a ring of see invisible (right hand)
 H - a ring of ice
 I - the ring of Boellagg {rElec Dex-5 Slay+5 SInv}
   (You found it on level 6 of the Dungeon)

   [ring of see invisible]

   Dex:       It affects your dexterity (-5).
   Slay:      It affects your accuracy & damage with ranged weapons and melee
   (+5).
   rElec:     It insulates you from electricity.
   SInv:      It lets you see invisible.
 M - a ring of fire
Wands
 t - a wand of paralysis (4)
 E - a wand of iceblast (10)
 O - a wand of digging (10)
 W - a wand of flame (12)
Scrolls
 e - 2 scrolls of torment
 j - 2 scrolls of amnesia
 k - a scroll of enchant armour
 m - 2 scrolls of magic mapping
 u - a scroll of blinking {unknown}
 w - a scroll of butterflies
 G - 2 scrolls of teleportation
 L - 2 scrolls of immolation
 N - a scroll of vulnerability {unknown}
 U - a scroll of summoning {unknown}
 V - a scroll of enchant weapon {unknown}
Potions
 d - 3 potions of might
 l - 2 potions of resistance
 q - 2 potions of ambrosia
 v - 5 potions of magic
 x - a potion of berserk rage {unknown}
 z - 4 potions of curing
 A - 2 potions of haste
 J - a potion of heal wounds {unknown}
 K - a potion of mutation {unknown}
 P - 2 potions of attraction
Miscellaneous
 R - a lightning rod (4/4)
 S - a condenser vane


   Skills:
 - Level 8.1 Fighting
 - Level 10.0 Short Blades
 - Level 3.0 Throwing
 - Level 7.5 Armour
 + Level 3.4 Dodging
 - Level 7.0 Stealth
 - Level 4.0 Shields
 + Level 6.8 Invocations


You had 11 spell levels left.
You didn't know any spells.
Your spell library contained the following spells:

 Spells                   Type           Power      Damage    Failure   Level
 Beastly Appendage        Tmut           0%         N/A       67%         1
 Blink                    Tloc           0%         N/A       80%         2
 Wereblood                Tmut           0%         N/A       80%         2
 Lesser Beckoning         Tloc           0%         N/A       95%         3
 Spider Form              Tmut/Pois      0%         N/A       95%         3
 Manifold Assault         Tloc           0%         N/A       100%        5


Dungeon Overview and Level Annotations

Branches:
Dungeon (11/15)            Temple (1/1) D:7            Lair (0/5) D:11
  Sewer (visited)
    Orc: D:9-12

Altars:
Ashenzari
Cheibriados
Dithmenos
Elyvilon
Fedhas
Gozag
Hepliaklqana
Kikubaaqudgha
Makhleb
Nemelex Xobeh
Okawaru
Qazlal
Ru
Sif Muna
Trog
Uskayaw
Vehumet
Wu Jian
Xom
Yredelemnul
Zin
The Shining One

Shops:
D:2 (   D:3 (   D:5 (

Annotations:
D:3 2 transporters
D:5 1 runed translucent door, Crazy Yiuf


Innate Abilities, Weirdness & Mutations

You have razor-sharp teeth.
Your natural rate of healing is unusually fast.
When hurt, damage is shared between your health and your magic reserves.
Your bite disrupts and absorbs the magic of your enemies.
Potions cannot restore your health.


Message History

The yak is almost dead.
You hit the yak.
The yak is almost dead.
The yak closely misses you.
You hit the yak. Your bite misses the yak.
The yak is almost dead.
You hit the yak.
You kill the yak!
You hit the yak. You bite the yak. You drain its power.
You feel invigorated.
The yak is heavily wounded.
You hit the yak but do no damage.
The yak is heavily wounded.
The yak barely misses you.
You hit the yak. Your bite misses the yak.
The yak is severely wounded.
You hit the yak.
The yak is severely wounded.
The yak gores you!
Press: ? - help, v - describe, . - travel, g - get item
Here: a yak (severely wounded) Item here: a yak corpse.
An open door, spattered with blood.
Aiming: Line Pass
Press: ? - help, Dir - move target The yak appears confused. x2; The yak gores the death yak!
The death yak gores you!
The yak barely misses the yak.
You catch the helpless yak completely off-guard!
You impale the yak!!
You kill the yak!
Unknown command.
You block the yak's attack. The yak completely misses you.
The death yak closely misses you.
You barely miss the yak. You bite the yak. You drain its power.
You feel invigorated.
The yak is severely wounded.
The yak seems less confused.
The yak barely misses you. The yak gores you! The death yak gores you!!
* * * LOW HITPOINT WARNING * * *
The death yak gores you!!
You die...

#.##...#.# #.##.##.#
#.....##.# #.##.##.#
#.###.##.# #.#..##.#
###.# #.##.#
#.#.###.#
....###+##.#
#.#.###.# #....$...#
#.......#
.####.....##
###.#####
..........Y## ##..#
#.!.
..........Y@####...##
B..Y
.....$....YYY.......#
....
....#......Y####...##
#... ...........##
##..# # .
>.........## ##.#
.....#...## #.#
#.....+## #.# ....##
..# .. ###


You could see 2 death yaks and 4 yaks.

Vanquished Creatures
  2 two-headed ogres
  A death yak (D:11)
  Pikel (D:5)
  2 cane toads (D:10)
  2 komodo dragons (D:10)
  A kobold demonologist (D:10)
  2 trolls
  Prince Ribbit (D:5)
  Grinder (D:5)
  A hornet (D:10)
  A shadow (D:11)
  23 yaks
  3 vampire mosquitoes (D:10)
  A steam dragon (D:8)
  4 water moccasins
  2 acid dragons
  2 sky beasts
  3 ice beasts
  4 orc warriors
  2 ogres (D:5)
  4 centaurs
  A phantom (D:5)
  2 kobold brigands
  6 bullfrogs
  3 necrophages
  2 scorpions
  16 wights
  3 killer bees (D:10)
  3 howler monkeys (D:9)
  A quasit (D:7)
  8 hounds
  4 jellies
  3 orc priests
  3 iguanas
  Ijyb (D:5)
  A hell rat (Sewer)
  10 orc wizards
  Robin (D:2)
  9 adders
  6 gnolls
  3 river rats
  7 shadow imps (D:7)
  6 white imps
  4 ufetubi
  2 worms (D:4)
  4 dart slugs
  28 orcs
  6 endoplasms
  4 giant cockroaches
  14 goblins
  10 hobgoblins
  4 jackals
  4 quokkas
  6 ball pythons
  5 bats
  A frilled lizard (D:2)
  15 kobolds
  13 rats
282 creatures vanquished.

Vanquished Creatures (others)
  A wight (D:8)
  A gnoll (D:5)
  A butterfly (D:3)
3 creatures vanquished.

Grand Total: 285 creatures vanquished

Notes
Turn   | Place    | Note
-------+----------+-------------------------------------------
     0 | D:1      | MacCMillion the Vine Stalker Fighter began the quest for
                  | the Orb.
     0 | D:1      | Reached XP level 1. HP: 11/11 MP: 2/2
   206 | D:1      | Reached XP level 2. HP: 13/16 MP: 3/3
   798 | D:2      | Found Kizxoir's Weapon Emporium.
   872 | D:2      | Found a blossoming altar of Fedhas.
   912 | D:2      | Reached XP level 3. HP: 20/20 MP: 4/4
   958 | D:2      | Noticed Robin
  1190 | D:2      | Found a faded altar of an unknown god.
  1402 | D:2      | Killed Robin
  1403 | D:2      | Gained mutation: Your natural rate of healing is unusually
                  | fast. [Vine Stalker growth]
  1403 | D:2      | Reached XP level 4. HP: 24/25 MP: 5/5
  1989 | D:3      | Found a transporter.
  2026 | D:3      | Found a transporter.
  2055 | D:3      | Found Ciarhiq's Antique Weapon Emporium.
  2082 | D:3      | Reached XP level 5. HP: 29/29 MP: 6/6
  2085 | D:3      | Found a glowing drain.
  2094 | Sewer    | Entered a sewer
  2724 | D:3      | Found a white marble altar of Elyvilon.
  2977 | D:3      | Reached skill level 5 in Fighting
  2977 | D:3      | Reached skill level 2 in Short Blades
  2977 | D:3      | Reached XP level 6. HP: 34/35 MP: 7/7
  2997 | D:3      | Reached skill level 3 in Short Blades
  3577 | D:4      | Reached skill level 4 in Short Blades
  3577 | D:4      | Reached XP level 7. HP: 39/39 MP: 8/8
  3916 | D:4      | Found an ornate altar of the Wu Jian Council.
  3948 | D:3      | Became a worshipper of Elyvilon the Healer
  4155 | D:5      | Entered Level 5 of the Dungeon
  4281 | D:5      | Found Fefud's Antique Weapon Emporium.
  4416 | D:5      | Reached skill level 5 in Short Blades
  4452 | D:5      | Gained mutation: You have razor-sharp teeth. [Vine Stalker
                  | growth]
  4452 | D:5      | Reached XP level 8. HP: 43/43 MP: 9/9
  4556 | D:5      | Noticed Prince Ribbit
  4583 | D:5      | Killed Prince Ribbit
  4584 | D:5      | Reached skill level 5 in Armour
  4664 | D:5      | Reached * piety under Elyvilon
  4848 | D:5      | Found a sparkling altar of Nemelex Xobeh.
  4849 | D:5      | Noticed Ijyb
  4877 | D:5      | Killed Ijyb
  4980 | D:5      | Reached skill level 1 in Throwing
  5148 | D:5      | Noticed Grinder
  5172 | D:5      | Paralysed by Grinder for 3 turns
  5184 | D:5      | Killed Grinder
  5185 | D:5      | Reached XP level 9. HP: 41/47 MP: 10/10
  5339 | D:5      | Found a runed translucent door.
  5340 | D:5      | Noticed Crazy Yiuf
  5522 | D:6      | Found a snail-covered altar of Cheibriados.
  5660 | D:6      | Reached ** piety under Elyvilon
  6116 | D:6      | Reached skill level 6 in Short Blades
  6187 | D:6      | Reached skill level 7 in Short Blades
  6325 | D:6      | Identified the ring of Boellagg {rElec Dex-5 Slay+5 SInv}
  6426 | D:6      | Noticed Pikel
  6465 | D:5      | Killed Pikel
  6466 | D:5      | Reached skill level 8 in Short Blades
  6466 | D:5      | Reached XP level 10. HP: 50/51 MP: 11/11
  6597 | D:6      | Found an opulent altar of Gozag.
  6818 | D:7      | Reached *** piety under Elyvilon
  6953 | D:7      | Found a staircase to the Ecumenical Temple.
  6965 | Temple   | Entered the Ecumenical Temple
  7121 | D:7      | Found a hide-covered altar of Uskayaw.
  7132 | D:7      | Fell from the grace of Elyvilon
  7132 | D:7      | Became a worshipper of Uskayaw the Reveller
  7189 | D:7      | Reached * piety under Uskayaw
  7283 | D:7      | Reached ** piety under Uskayaw
  7568 | D:8      | Found a shimmering altar of Xom.
  7584 | D:7      | Reached *** piety under Uskayaw
  7707 | D:8      | Reached **** piety under Uskayaw
  7708 | D:8      | Reached skill level 9 in Short Blades
  7771 | D:8      | Reached ***** piety under Uskayaw
  8163 | D:8      | Reached ****** piety under Uskayaw
  8174 | D:8      | Noticed a two-headed ogre
  8303 | D:8      | Killed a two-headed ogre
  8304 | D:8      | Reached skill level 1 in Invocations
  8418 | D:8      | Reached skill level 10 in Short Blades
  8430 | D:8      | Found a blossoming altar of Fedhas.
  8462 | D:8      | Reached XP level 11. HP: 58/58 MP: 11/14
  8686 | D:9      | Found a stormy altar of Qazlal.
  8774 | D:9      | Noticed a two-headed ogre
  8782 | D:9      | Killed a two-headed ogre
  9195 | D:9      | Reached skill level 1 in Stealth
  9475 | D:10     | Entered Level 10 of the Dungeon
  9520 | D:10     | Found an iron altar of Okawaru.
  9572 | D:10     | Reached skill level 5 in Invocations
  9863 | D:10     | Reached skill level 5 in Stealth
  9945 | D:10     | Paralysed by a hornet for 3 turns
 10097 | D:10     | Reached skill level 1 in Dodging
 10333 | D:10     | Identified the +8 mace "Ven Fekk" {freeze, rN+}
 10664 | D:11     | Noticed a boulder beetle
 10665 | D:11     | Noticed a death yak
 10903 | D:11     | HP: 3/60 [boulder beetle (20)]
 11324 | D:11     | Noticed a death yak
 11335 | D:11     | Noticed a death yak
 11349 | D:11     | Killed a death yak
 11350 | D:11     | Reached XP level 12. HP: 57/64 MP: 14/17
 11371 | D:11     | Found a staircase to the Lair.
 11394 | D:11     | Slain by a death yak

Illustrated notes

Levels and vault maps discovered:
D:1:      roderic_crossed_star, layout_basic
D:2:      minmay_razor_zed, layout_loops_ring,
          hellmonk_ecumenical_altar_slurped_away, basic_altar, serial_shops,
          nicolae_shop_stone, uniq_robin
D:3:      gammafunk_steamed_eel, layout_loops_ring,
          nicolae_elyvilon_peaceful_grove, portal_sewer_entry_d, serial_shops,
          nicolae_shop_trees, minmay_misc_feat_square
D:4:      layout_loops_ring, pdpol_wu_jian_five_deadly_venoms, minmay_ruptured
D:5:      layout_gridville, nemelex_spade_bored_becter, serial_shops,
          nicolae_shop_temple_entry_statues_fountains, uniq_grinder,
          uniq_crazy_yiuf_cottage, uniq_ijyb, uniq_prince_ribbit1
D:6:      layout_basic, mainiacjoe_overflow_catwalk,
          nicolae_overflow_crystal_walls, minmay_misc_feat_iff,
          minmay_starry_boxes, uniq_pikel
D:7:      layout_gridville, nicolae_uskayaw_suspiria, temple_fountains,
          serial_demonic, serial_demonic_d, serial_demonic_e, serial_demonic_e,
          serial_demonic_d, serial_demonic_e, serial_demonic_b,
          serial_demonic_g, serial_demonic_e, serial_demonic_g,
          serial_demonic_f, grunt_decor_fettered
D:8:      layout_rooms, mainiacjoe_overflow_alcove_1, kennysheep_mini,
          kennysheep_kite_vault
D:9:      layout_long_grid, grunt_qazlal_sundering
D:10:     layout_loops_corners, kennysheep_okawaru_gauntlet, pond
D:11:     layout_loops_corners, dpeg_lair_monsters, orc_0_dummy,
          kennysheep_crisscross
Temple:   nicolae_temple_ecumenical_triangle

Skill      XL: |  1  2  3  4  5  6  7  8  9 10 11 12 |
---------------+-------------------------------------+-----
Fighting       | 3 4 5 7 8 |  8.1
Shields        | 3 4 |  4.0
Short Blades   | 2 4 5 8 10 | 10.0
Armour         | 4 7 |  7.5
Throwing       | 2 3 |  3.0
Invocations    | 2 6 |  6.8
Stealth        | 7 |  7.0
Dodging        | 2 3 |  3.4

Action                   |  1- 3 |  4- 6 |  7- 9 | 10-12 || total
-------------------------+-------+-------+-------+-------++-------
Melee: Rapier            |    78 |       |       |       ||    78
       Bite              |    27 |    75 |   157 |   238 ||   497
       Dagger            |    22 |   208 |   465 |   642 ||  1337
Throw: Dart              |     5 |     5 |    19 |    27 ||    56
       Boomerang         |       |     4 |     2 |     3 ||     9
Invok: Line Pass         |       |       |       |     7 ||     7
  Use: Scroll            |       |       |       |    13 ||    13
 Stab: Invisible         |       |       |     5 |       ||     5
       Paralysed         |       |       |       |    26 ||    26
       Confused          |       |       |       |     3 ||     3
       Sleeping          |       |       |       |     1 ||     1
Armor: Scale mail        |    11 |       |       |       ||    11
       Chain mail        |    37 |    14 |       |       ||    51
       Swamp dragon scal |       |    73 |   165 |   183 ||   421
Dodge: Dodged            |    26 |    56 |   159 |   212 ||   453
Block: Buckler           |    18 |    27 |    85 |   102 ||   232
